ATL
LANCASTER BARNSTORMERS @ SOUTHERN MARYLAND BLUE CRABS
07/05/2072
 
TOP OF THE 1ST
Long Island Ducks batting - Pitching for Southern Maryland Blue Crabs : RHP Jim Kamin
Pitching: RHP Jim Kamin
Batting: RHB Mike Mehlhorn 0-0: SINGLE (Groundball, 6MD, EV 103.8 MPH)
Batting: LHB Travis Magiera 0-0: Ball
1-0: Ball
2-0: Fly out, F9 (Flyball, 9LS, EV 93.1 MPH)
Batting: RHB Jesse Norris 0-0: Ball
Wild Pitch!
Mike Mehlhorn to second
1-0: Called Strike
1-1: Ball
2-1: Ball
3-1: Called Strike
3-2: Base on Balls
Batting: LHB Travis Cairns 0-0: Fly out, F8 (Flyball, 78S, EV 86.9 MPH)
Batting: RHB Bernardo Ferros 0-0: Called Strike
0-1: Ball
1-1: Ball
2-1: SINGLE (Flyball, 8RS, EV 85.0 MPH)
Mike Mehlhorn to third
Jesse Norris to second
Runner from 3rd tries for Home, SAFE, throw by CF to home
Jesse Norris to third
Bernardo Ferros to second
Batting: RHB William Castillo 0-0: Ball
1-0: Ball
2-0: Called Strike
2-1: Swinging Strike
2-2: Ball
3-2: Fly out, F8 (Flyball, 8RS, EV 89.4 MPH)
Top of the 1st over - 1 run, 2 hits, 0 errors, 2 left on base; Long Island 1 - Southern Maryland 0
BOTTOM OF THE 1ST
Southern Maryland Blue Crabs batting - Pitching for Long Island Ducks : RHP Rocky Stidham
Pitching: RHP Rocky Stidham
Batting: RHB Chris Arndt 0-0: Ball
1-0: Ball
2-0: Ground out 6-3 (Groundball, 6, EV 103.8 MPH)
Batting: RHB Bryan Constine 0-0: Ball
1-0: Ball
2-0: Called Strike
2-1: Fly out, F5 (Popup, 56, EV 78.8 MPH)
Batting: LHB Brian McCarver 0-0: Called Strike
0-1: Swinging Strike
0-2: Ball
1-2: Foul Ball, location: 2F
1-2: Ball
2-2: Ball
3-2: Foul Ball, location: 2F
3-2: Ground out U3 (Groundball, 34, EV 102.5 MPH)
Bottom of the 1st over - 0 runs, 0 hits, 0 errors, 0 left on base; Long Island 1 - Southern Maryland 0
TOP OF THE 2ND
Long Island Ducks batting - Pitching for Southern Maryland Blue Crabs : RHP Jim Kamin
Batting: RHB Justin Moore 0-0: Ball
1-0: Swinging Strike
1-1: Ball
2-1: Foul Ball, location: 2F
2-2: Ball
3-2: SINGLE (Line Drive, 78M, EV 100.0 MPH)
Batting: RHB Cory Alongi 0-0: Swinging Strike
0-1: Ball
1-1: Foul Ball, location: 2F
1-2: SINGLE (Groundball, 34D, EV 100.0 MPH)
Justin Moore to second
Batting: RHB Alex Ferrer 0-0: Foul Ball, location: 2F
0-1: Foul Ball, location: 2F
0-2: Foul Ball, location: 2F
0-2: Strikes out swinging
Batting: RHB Mike Mehlhorn 0-0: Ball
1-0: 3-RUN HOME RUN (Flyball, 7D, EV 108.1 MPH), Distance : 372 ft
Batting: LHB Travis Magiera 0-0: Ball
1-0: Reached on error, E2 (Groundball, 15S, EV 70.6 MPH)
Batting: RHB Jesse Norris 0-0: Ball
1-0: Foul Ball, location: 2F
1-1: Swinging Strike
1-2: Foul Ball, location: 2F
1-2: Ball
2-2: Ground out 4-3 (Groundball, 4, EV 91.9 MPH)
Travis Magiera to third
Batting: LHB Travis Cairns 0-0: Called Strike
0-1: Ball
1-1: Called Strike
1-2: Foul Ball, location: 2F
1-2: Ball
2-2: SINGLE (Groundball, 4MD, EV 98.8 MPH)
Travis Magiera scores
Batting: RHB Bernardo Ferros 0-0: Fly out, F7 (Flyball, 7D, EV 102.5 MPH)
Top of the 2nd over - 4 runs, 4 hits, 1 error, 1 left on base; Long Island 5 - Southern Maryland 0
BOTTOM OF THE 2ND
Southern Maryland Blue Crabs batting - Pitching for Long Island Ducks : RHP Rocky Stidham
Batting: RHB Vance Doyle 0-0: SINGLE (Flyball, 56D, EV 95.6 MPH)
Batting: RHB Shane Attard 0-0: Called Strike
0-1: Called Strike
0-2: Foul Ball, location: 2F
0-2: Ball
1-2: Strikes out swinging
Batting: LHB Jonathan Ramires 0-0: Foul Ball, location: 2F
0-1: Foul Ball, location: 2F
0-2: Fielders Choice at 2nd, 4-6 (Groundball, 34, EV 100.6 MPH)
Batting: LHB Dave Pina 0-0: Foul Ball, location: 2F
0-1: Ball
1-1: Fly out, F5 (Flyball, 5D, EV 84.4 MPH)
Bottom of the 2nd over - 0 runs, 1 hit, 0 errors, 1 left on base; Long Island 5 - Southern Maryland 0
TOP OF THE 3RD
Long Island Ducks batting - Pitching for Southern Maryland Blue Crabs : RHP Jim Kamin
Batting: RHB William Castillo 0-0: Swinging Strike
0-1: Called Strike
0-2: Foul Ball, location: 2F
0-2: Ball
1-2: Ground out 6-3 (Groundball, 6, EV 85.0 MPH)
Batting: RHB Justin Moore 0-0: Ball
1-0: Swinging Strike
1-1: Foul Ball, location: 2F
1-2: Strikes out swinging
Batting: RHB Cory Alongi 0-0: Foul Ball, location: 2F
0-1: Ball
1-1: Called Strike
1-2: Foul Ball, location: 2F
1-2: Fly out, F4 (Popup, 34S, EV 68.8 MPH)
Top of the 3rd over - 0 runs, 0 hits, 0 errors, 0 left on base; Long Island 5 - Southern Maryland 0
BOTTOM OF THE 3RD
Southern Maryland Blue Crabs batting - Pitching for Long Island Ducks : RHP Rocky Stidham
Batting: SHB Alex Chavez 0-0: Ball
1-0: Swinging Strike
1-1: Ball
2-1: Called Strike
2-2: Strikes out swinging
Batting: RHB Justin Felix 0-0: Called Strike
0-1: Swinging Strike
0-2: Strikes out swinging
Batting: RHB Chris Arndt 0-0: DOUBLE (Flyball, 8LD, EV 97.5 MPH)
Batting: RHB Bryan Constine 0-0: Called Strike
0-1: Called Strike
0-2: Ball
1-2: SINGLE (Line Drive, 9LS, EV 100.0 MPH)
Chris Arndt to third
Runner from 3rd tries for Home, SAFE, throw by RF to home
Batting: LHB Brian McCarver 0-0: Ball
1-0: Ball
2-0: Called Strike
2-1: Called Strike
2-2: 2-RUN HOME RUN (Flyball, 9D, EV 104.4 MPH), Distance : 378 ft
Batting: RHB Vance Doyle 0-0: Foul Ball, location: 2F
0-1: Ball
1-1: Called Strike
1-2: Ball
2-2: Strikes out looking
Bottom of the 3rd over - 3 runs, 3 hits, 0 errors, 0 left on base; Long Island 5 - Southern Maryland 3
TOP OF THE 4TH
Long Island Ducks batting - Pitching for Southern Maryland Blue Crabs : RHP Jim Kamin
Batting: RHB Alex Ferrer 0-0: Called Strike
0-1: Ball
1-1: DOUBLE (Line Drive, 9LD, EV 106.9 MPH)
Batting: RHB Mike Mehlhorn 0-0: Ball
1-0: Ball
2-0: SINGLE (Flyball, 3D, EV 91.3 MPH)
Alex Ferrer to third
Batting: LHB Travis Magiera 0-0: Ball
1-0: SINGLE (Groundball, 4MD, EV 106.3 MPH)
Alex Ferrer scores
Mike Mehlhorn to second
Pitching: RHP Salvatore Ayala
Batting: RHB Jesse Norris 0-0: Ball
1-0: Swinging Strike
1-1: Ball
2-1: Fly out, F8 (Flyball, 8RM, EV 94.4 MPH)
Batting: LHB Travis Cairns 0-0: Ball
Wild Pitch!
Mike Mehlhorn to third
Travis Magiera to second
1-0: SINGLE (Line Drive, 8RS, EV 113.1 MPH)
Mike Mehlhorn scores
Travis Magiera to third
Batting: RHB Bernardo Ferros 0-0: Ball
1-0: Called Strike
1-1: Grounds into double play, 6-4-3 (Groundball, 6, EV 93.8 MPH)
Top of the 4th over - 2 runs, 4 hits, 0 errors, 1 left on base; Long Island 7 - Southern Maryland 3
BOTTOM OF THE 4TH
Southern Maryland Blue Crabs batting - Pitching for Long Island Ducks : RHP Rocky Stidham
Batting: RHB Shane Attard 0-0: Ground out 4-3 (Groundball, 34, EV 80.0 MPH)
Batting: LHB Jonathan Ramires 0-0: Ball
1-0: Called Strike
1-1: SOLO HOME RUN (Flyball, 89XD, EV 104.4 MPH), Distance : 401 ft
Batting: LHB Dave Pina 0-0: Called Strike
0-1: Ground out 5-3 (Groundball, 56, EV 105.0 MPH)
Batting: SHB Alex Chavez 0-0: Called Strike
0-1: Ball
1-1: Ball
2-1: Foul Ball, location: 2F
2-2: Foul Ball, location: 2F
2-2: Foul Ball, location: 2F
2-2: Strikes out swinging
Bottom of the 4th over - 1 run, 1 hit, 0 errors, 0 left on base; Long Island 7 - Southern Maryland 4
TOP OF THE 5TH
Long Island Ducks batting - Pitching for Southern Maryland Blue Crabs : RHP Salvatore Ayala
Batting: RHB William Castillo 0-0: Called Strike
0-1: Ball
1-1: Foul Ball, location: 2F
1-2: Strikes out looking
Batting: RHB Justin Moore 0-0: Ball
1-0: Ball
2-0: Foul Ball, location: 2F
2-1: Swinging Strike
2-2: Ball
3-2: Base on Balls
Batting: RHB Cory Alongi 0-0: Ball
1-0: Swinging Strike
1-1: Foul Ball, location: 2F
1-2: Foul Ball, location: 2F
1-2: Foul Ball, location: 2F
1-2: Foul Ball, location: 2F
1-2: Foul Ball, location: 2F
1-2: Strikes out swinging
Batting: RHB Alex Ferrer 0-0: Ball
1-0: Ball
2-0: Ball
3-0: Called Strike
3-1: Foul Ball, location: 2F
3-2: Strikes out swinging
Top of the 5th over - 0 runs, 0 hits, 0 errors, 1 left on base; Long Island 7 - Southern Maryland 4
BOTTOM OF THE 5TH
Southern Maryland Blue Crabs batting - Pitching for Long Island Ducks : RHP Rocky Stidham
Batting: RHB Justin Felix 0-0: Ball
1-0: Called Strike
1-1: Ball
2-1: Ground out 6-3 (Groundball, 6, EV 80.6 MPH)
Batting: RHB Chris Arndt 0-0: Called Strike
0-1: SINGLE (Groundball, 56S, EV 72.5 MPH) (infield hit)
Batting: RHB Bryan Constine 0-0: Called Strike
0-1: Ball
1-1: Foul Ball, location: 2F
1-2: Ball
2-2: Grounds into double play, 1-4-3 (Groundball, P, EV 68.8 MPH)
Bottom of the 5th over - 0 runs, 1 hit, 0 errors, 0 left on base; Long Island 7 - Southern Maryland 4
TOP OF THE 6TH
Long Island Ducks batting - Pitching for Southern Maryland Blue Crabs : RHP Salvatore Ayala
Batting: RHB Mike Mehlhorn 0-0: Foul Ball, location: 2F
0-1: Called Strike
0-2: Ground out 6-3 (Groundball, 6, EV 80.6 MPH)
Batting: LHB Travis Magiera 0-0: Called Strike
0-1: SINGLE (Line Drive, 89S, EV 105.0 MPH)
Batting: RHB Jesse Norris 0-0: Ball
1-0: Foul Ball, location: 2F
1-1: SINGLE (Groundball, 5D, EV 109.4 MPH)
Travis Magiera to second
Pitching: LHP Dave Poling
Batting: LHB Travis Cairns 0-0: Called Strike
0-1: Called Strike
0-2: Foul Ball, location: 2F
0-2: Ball
1-2: Ball
2-2: Foul Ball, location: 2F
2-2: Foul Ball, location: 2F
2-2: Foul Ball, location: 2F
2-2: Fly out, F7 (Flyball, 7S, EV 83.1 MPH)
Batting: RHB Bernardo Ferros 0-0: Ground out 5-3 (Groundball, 56S, EV 85.6 MPH)
Top of the 6th over - 0 runs, 2 hits, 0 errors, 2 left on base; Long Island 7 - Southern Maryland 4
BOTTOM OF THE 6TH
Southern Maryland Blue Crabs batting - Pitching for Long Island Ducks : RHP Rocky Stidham
Batting: LHB Brian McCarver 0-0: Swinging Strike
0-1: Called Strike
0-2: SOLO HOME RUN (Flyball, 9D, EV 108.1 MPH), Distance : 382 ft
Pitching: RHP Marco Rivera
Batting: RHB Vance Doyle 0-0: Swinging Strike
0-1: Swinging Strike
0-2: Foul Ball, location: 2F
0-2: Ball
1-2: Strikes out looking
Batting: RHB Shane Attard 0-0: Called Strike
0-1: Foul Ball, location: 2F
0-2: Strikes out swinging
Batting: LHB Jonathan Ramires 0-0: Called Strike
0-1: Ball
1-1: Called Strike
1-2: Foul Ball, location: 2F
1-2: Fly out, F7 (Flyball, 78M, EV 95.0 MPH)
Bottom of the 6th over - 1 run, 1 hit, 0 errors, 0 left on base; Long Island 7 - Southern Maryland 5
TOP OF THE 7TH
Long Island Ducks batting - Pitching for Southern Maryland Blue Crabs : LHP Dave Poling
Batting: RHB William Castillo 0-0: Foul Ball, location: 2F
0-1: Hit by Pitch
Batting: RHB Justin Moore 0-0: Grounds into double play, 6-4-3 (Groundball, 6, EV 81.3 MPH)
Batting: RHB Cory Alongi 0-0: Fly out, F8 (Flyball, 8LS, EV 95.0 MPH)
Top of the 7th over - 0 runs, 0 hits, 0 errors, 0 left on base; Long Island 7 - Southern Maryland 5
BOTTOM OF THE 7TH
Southern Maryland Blue Crabs batting - Pitching for Long Island Ducks : RHP Marco Rivera
Batting: LHB Dave Pina 0-0: Foul Ball, location: 2F
0-1: Ground out 5-3 (Groundball, 56S, EV 87.5 MPH)
Batting: SHB Alex Chavez 0-0: Fly out, F7 (Flyball, 7S, EV 88.8 MPH)
Batting: RHB Justin Felix 0-0: Foul Ball, location: 2F
0-1: Swinging Strike
0-2: Ball
1-2: Ball
2-2: Strikes out looking
Bottom of the 7th over - 0 runs, 0 hits, 0 errors, 0 left on base; Long Island 7 - Southern Maryland 5
TOP OF THE 8TH
Long Island Ducks batting - Pitching for Southern Maryland Blue Crabs : LHP Dave Poling
Batting: RHB Alex Ferrer 0-0: Called Strike
0-1: Ground out 6-3 (Groundball, 6, EV 76.9 MPH)
Batting: RHB Mike Mehlhorn 0-0: Called Strike
0-1: Ball
1-1: Fly out, F9 (Flyball, 9, EV 93.8 MPH)
Batting: LHB Travis Magiera 0-0: Swinging Strike
0-1: Ball
1-1: Ball
2-1: Fly out, F9 (Flyball, 89S, EV 85.6 MPH)
Top of the 8th over - 0 runs, 0 hits, 0 errors, 0 left on base; Long Island 7 - Southern Maryland 5
BOTTOM OF THE 8TH
Southern Maryland Blue Crabs batting - Pitching for Long Island Ducks : RHP Marco Rivera
Batting: RHB Chris Arndt 0-0: Ball
1-0: Foul Ball, location: 2F
1-1: Ground out 4-3 (Groundball, 4S, EV 80.6 MPH)
Batting: RHB Bryan Constine 0-0: Swinging Strike
0-1: Ball
1-1: Foul Ball, location: 2F
1-2: Ball
2-2: Ball
3-2: Fly out, F7 (Line Drive, 7, EV 96.9 MPH)
Batting: LHB Brian McCarver 0-0: Ball
1-0: Foul Ball, location: 2F
1-1: Ball
2-1: Ball
3-1: Base on Balls
Batting: RHB Vance Doyle 0-0: Called Strike
0-1: Fly out, F9 (Flyball, 9LS, EV 89.4 MPH)
Bottom of the 8th over - 0 runs, 0 hits, 0 errors, 1 left on base; Long Island 7 - Southern Maryland 5
TOP OF THE 9TH
Long Island Ducks batting - Pitching for Southern Maryland Blue Crabs : LHP Dave Poling
Batting: RHB Jesse Norris 0-0: Ball
1-0: Foul Ball, location: 2F
1-1: Ball
2-1: Ball
3-1: Foul Ball, location: 2F
3-2: Base on Balls
Batting: LHB Travis Cairns 0-0: Foul Ball, location: 2F
0-1: Fly out, F9 (Flyball, 9D, EV 104.4 MPH)
Batting: RHB Bernardo Ferros 0-0: SINGLE (Groundball, 56D, EV 103.1 MPH)
Jesse Norris to second
Batting: RHB William Castillo 0-0: Called Strike
0-1: Ball
1-1: Ball
2-1: Ball
3-1: SINGLE (Line Drive, 3D, EV 100.0 MPH)
Jesse Norris to third
Bernardo Ferros to second
Batting: RHB Justin Moore 0-0: Called Strike
0-1: Ball
1-1: Ball
2-1: Swinging Strike
2-2: Ball
3-2: Grounds into fielders choice 5-2 (Groundball, 5S, EV 78.8 MPH)
Bernardo Ferros to third
William Castillo to second
Batting: RHB Cory Alongi 0-0: Swinging Strike
0-1: Foul Ball, location: 2F
0-2: Ball
1-2: Foul Ball, location: 2F
1-2: Foul Ball, location: 2F
1-2: Foul Ball, location: 2F
1-2: Strikes out looking
Top of the 9th over - 0 runs, 2 hits, 0 errors, 3 left on base; Long Island 7 - Southern Maryland 5
BOTTOM OF THE 9TH
Southern Maryland Blue Crabs batting - Pitching for Long Island Ducks : RHP Marco Rivera
Pitching: RHP Jamie Arnold
Batting: RHB Shane Attard 0-0: Foul Ball, location: 2F
0-1: Called Strike
0-2: Foul Ball, location: 2F
0-2: Ground out 6-3 (Groundball, 6, EV 83.1 MPH)
Batting: LHB Jonathan Ramires 0-0: Called Strike
0-1: Ball
1-1: Ball
2-1: Swinging Strike
2-2: Strikes out swinging
Batting: LHB Dave Pina 0-0: Ground out 1-3 (Groundball, 34S, EV 71.3 MPH)
Bottom of the 9th over - 0 runs, 0 hits, 0 errors, 0 left on base; Long Island 7 - Southern Maryland 5
Tuesday, October 26th , 2021 - OOTP Baseball 22.10 Build 79